Unix NetHack Version 5.0.0-0 post-release - last build Jun 10 2026 00:39:30 (3ee93aec679c4c4259841fe613dc97188e26a321,branch:main).

Game began 2026-06-28 18:00:25, ended 2026-06-28 18:14:54.

HenriqueII, lawful male human Archeologist

                                                        -----         #
  -----        ---------------     ------------        #.....##########
  |...|        |.............|    #...........|        #|...|#        #%###
  |....########............%.eB####............*########....|#          ##
  |...|        |..........._.@    #|..........|       ##|<.).#          #
  |....########.....^^.......|   ##-----..-----        #--.-.#          #
  -----       #|.............|   #      ##             #######          #
              #-----+---------   #       #                # ##          #
              #######          ###       #                # ###
                   ######     ##         #                #   ##    -------
                    #   #     #          #                #   ###   |.[[.[|
                       ##    ##          ##        -------#    #####|.[)[[|
                        #    #        ----.-       |.....|#     #  #|.[[..|
                        #   ##        |.>..|       |..^..|#     ## #|.[..[|
               ---------.---#         |....|       |.....|#      ###-.[)[)|
               |...........|#         |.....#######......|#         -------
               |............#         ------       |......#
               |...........|                       -------
               -------------

HenriqueII the Field Worker  St:11 Dx:9 Co:12 In:18 Wi:16 Ch:11  Lawful
Dlvl:3  $:758 HP:0(36) Pw:14(14) AC:1  Xp:4 T:2681  Burdened

Latest messages:
 You have trouble lifting K - a jackal corpse.
 You rebalance your load.  Movement is difficult.
 What do you want to sacrifice? [K or ?*] K
 Your sacrifice is consumed in a flash of light!
 You have a hopeful feeling.
 Your movements are only slowed slightly by your load.
 What do you want to zap? [s or ?*] s
 In what direction? h
 You have a little trouble lifting k - 2 uncursed tripe rations.
 C - an uncursed pink spellbook.
 What do you want to eat? [ky or ?*] y
 This food really hits the spot!
 You finish eating the food ration.
 You see here a newt corpse.
 The large kobold misses!
 The large kobold misses!
 You miss the large kobold.
 The large kobold hits!
 You kill the large kobold!
 You have a little trouble lifting M - a cream pie.
 You have trouble lifting a large kobold corpse.  Continue? [ynq] (q) y
 You have trouble lifting N - a large kobold corpse.
 You rebalance your load.  Movement is difficult.
 You start digging.
 You hit the rock with all your might.
 You make an opening in the wall.
 What do you want to sacrifice? [N or ?*] N
 Your sacrifice is consumed in a flash of light!
 You have a hopeful feeling.
 Your movements are only slowed slightly by your load.
 The giant bat misses!
 You miss the giant bat.
 The giant bat bites!
 The giant bat misses!
 The giant bat bites!
 You hit the giant bat.
 The giant bat bites!
 The giant bat bites!
 You hit the giant bat.
 You hit the giant bat.
 The giant bat bites!
 The giant bat bites!
 The giant bat bites!
 The giant bat bites!
 You hit the giant bat.
 The giant bat bites!
 The giant bat bites!
 You die...
 Do you want your possessions identified? [ynq] (y) y
 Do you want to see your attributes? [ynq] (y) q

Inventory:
 Coins    ('$')
  $ - 758 gold pieces
 Weapons  (')')
  u - 11 +2 darts
  a - a +2 bullwhip
 Armor    ('[')
  c - a blessed +0 fedora
  h - an uncursed +1 orcish helm (being worn)
  e - an uncursed +3 oilskin cloak (being worn)
  d - an uncursed fireproof +0 studded leather armor (being worn)
 Comestibles  ('%')
  M - an uncursed cream pie
  y - 2 uncursed food rations
  k - 2 uncursed tripe rations
 Scrolls  ('?')
  i - a blessed scroll of gold detection
  l - an uncursed scroll of identify
  A - an uncursed scroll of magic mapping
  j - a cursed scroll of magic mapping
 Spellbooks  ('+')
  C - an uncursed spellbook of remove curse
 Potions  ('!')
  m - an uncursed potion of gain ability
  q - a blessed potion of healing
  D - 2 uncursed potions of healing
 Wands    ('/')
  s - a wand of locking (0:3)
 Tools    ('(')
  S - an empty uncursed sack
  p - a +0 pick-axe (weapon in right hand)
  f - a tinning kit (0:43)
 Gems/Stones  ('*')
  t - an uncursed touchstone

HenriqueII the Archeologist's attributes:

Background:
 You were a Field Worker, a level 4 male human Archeologist.
 You were lawful, on a mission for Quetzalcoatl
 who was opposed by Camaxtli (neutral) and Huhetotl (chaotic).
 You were right-handed.
 You were in the Dungeons of Doom, on level 3.
 You entered the dungeon 2681 turns ago.
 You had 115 experience points, 45 more were needed to attain level 5.

Basics:
 You had 0 out of 36 hit points.
 You had all 14 energy points (spell power).
 Your armor class was 1.
 Your wallet contained 758 zorkmids.
 Autopickup was on for '$!?/="' plus thrown, with exceptions.

Final Characteristics:
 Your strength was 11 (limit:18/100).
 Your dexterity was 9 (limit:18).
 Your constitution was 12 (limit:18).
 Your intelligence was 18 (limit:18).
 Your wisdom was 16 (limit:18).
 Your charisma was 11 (limit:18).

Final Status:
 You weren't hungry.
 You were burdened; movement was slightly slowed.
 You were wielding a pick-axe.
 You had basic skill with pick-axe.

Final Attributes:
 You were piously aligned.
 You had automatic searching.
 You were guarded.
 You are dead.

Miscellaneous:
 You didn't encounter any bones levels.
 Total elapsed playing time was 14 minutes and 28 seconds.

Major events:
 Turn
    1: HenriqueII the lawful male human Archeologist entered the dungeon
 1967: attained the rank of Field Worker (level 3)
 2681: killed by a giant bat

You didn't know any spells.

Skills:
 Fighting Skills
   bare handed combat [Unskilled]
   two weapon combat  [Unskilled]
   riding             [Unskilled]
 Weapon Skills
   dagger             [Unskilled]
   knife              [Unskilled]
   pick-axe           [Basic]
   short sword        [Unskilled]
   saber              [Unskilled]
   club               [Unskilled]
   quarterstaff       [Unskilled]
   sling              [Unskilled]
   dart               [Unskilled]
   boomerang          [Unskilled]
   whip               [Basic]
   unicorn horn       [Unskilled]
 Spellcasting Skills
   attack spells      [Unskilled]
   healing spells     [Unskilled]
   divination spells  [Unskilled]
   matter spells      [Unskilled]

Voluntary challenges:
 Character rerolling was not enabled.
 You never genocided any monsters.
 You never polymorphed an object.
 You never changed form.
 You used no wishes.
Achievements:
 You entered a shop.
 You attained the rank of Field Worker.

 The Dungeons of Doom: levels 1 to 4
    Level 1:
    Level 2:
       A fountain.
    Level 3: <- You were here.
       An armor shop, an altar to Quetzalcoatl.
       Final resting place for
          you, killed by a giant bat.
    Level 4:


Vanquished creatures:
  2 shriekers
  a kitten
  a kobold leader
  a giant bat
 an iguana
  a large kobold
  a brown mold
  a gnome zombie
  3 geckos
  6 jackals
  2 foxes
  a kobold
  3 goblins
  2 sewer rats
  3 grid bugs
  4 lichens
  7 newts
40 creatures vanquished.

No species were genocided or became extinct.

Game over:
                       ----------
                      /          \
                     /    REST    \
                    /      IN      \
                   /     PEACE      \
                  /                  \
                  |    HenriqueII    |
                  |      758 Au      |
                  |   killed by a    |
                  |    giant bat     |
                  |                  |
                  |                  |
                  |       2026       |
                 *|     *  *  *      | *
        _________)/\\_//(\/(/\)/\//\/|_)_______

Goodbye HenriqueII the Archeologist...

You died in The Dungeons of Doom on dungeon level 3 with 1293 points,
and 758 pieces of gold, after 2681 moves.
You were level 4 with a maximum of 36 hit points when you died.

